 Dungeon Crawl Stone Soup version 0.22-a0-252-gcace5d2 (webtiles) character file.

9984 mhoghedin the Fighter (level 11, 0/95 (97) HPs)
             Began as a Ghoul Monk on Mar 1, 2018.
             Was a High Priest of Makhleb.
             Slain by an eight-headed hydra (10 damage)
             ... on level 2 of the Lair of Beasts.
             The game lasted 00:22:04 (11087 turns).

mhoghedin the Fighter (Ghoul Monk)                 Turns: 11087, Time: 00:22:04

HP:   0/95 (97)     AC: 13    Str: 24    XL:     11   Next: 55%
MP:   25/25         EV: 13    Int:  5    God:    Makhleb [*****.]
Gold: 678           SH:  5    Dex: 11    Spells: 10/10 levels left

rFire    + . .     SeeInvis .     - Unarmed
rCold    + . .     Gourm    .   q - +1 buckler
rNeg     + + +     Faith    .   n - +2 scale mail {rF+}
rPois    ∞         Spirit   .   o - +0 helmet
rElec    .         Reflect  .   m - +0 cloak
rCorr    .         Harm     .   (no gloves)
MR       .....                  d - +0 pair of boots
Stlth    ..........             (no amulet)
HPRegen  0.00/turn              j - ring of flight {+Fly, !d}
MPRegen  0.19/turn              B - ring of magical power {MP+9}

@: mighty, rotting, drained
A: rotting body, claws 1, carnivore, cold resistance 1, negative energy
resistance 3, inhibited regeneration, torment resistance, unbreathing
a: Minor Destruction, Lesser Servant of Makhleb, Major Destruction, Greater
Servant of Makhleb, Renounce Religion, Evoke Flight


You were on level 2 of the Lair of Beasts.
You worshipped Makhleb.
Makhleb was extremely pleased with you.
You were not hungry.

You visited 2 branches of the dungeon, and saw 13 of its levels.

You collected 678 gold pieces.

Inventory:

Missiles
 g - 3 throwing nets {=f, !d}
 s - 7 curare-tipped needles
Armour
 d - a +0 pair of boots (worn)
   (You found it on level 1 of the Dungeon)
 m - a +0 cloak (worn)
   (You took it off Crazy Yiuf on level 5 of the Dungeon)
 n - a +2 scale mail of fire resistance (worn)
   (You found it on level 7 of the Dungeon)
 o - a +0 helmet (worn)
   (You found it on level 6 of the Dungeon)
 q - a +1 buckler (worn)
   (You found it on level 6 of the Dungeon)
Jewellery
 j - a ring of flight (left claw) {+Fly, !d}
   (You found it on level 5 of the Dungeon)
 B - a ring of magical power (right claw) {MP+9}
   (You found it on level 1 of the Lair of Beasts)
Wands
 f - a wand of random effects (20)
   (You took it off an orc on level 4 of the Dungeon)
 k - a wand of acid (6)
   (You took it off Maurice on level 9 of the Dungeon)
 u - a wand of iceblast (6)
   (You found it on level 10 of the Dungeon)
 y - a wand of polymorph (28)
   (You found it on level 9 of the Dungeon)
 D - a wand of enslavement (14)
   (You found it on level 2 of the Lair of Beasts)
Scrolls
 a - 2 scrolls of immolation {!r}
 c - 5 scrolls of teleportation
 h - 5 scrolls of remove curse
 i - 3 scrolls of magic mapping {!r}
 p - 3 scrolls of blinking {!r}
 t - 2 scrolls of fog
 w - a scroll of noise {!r}
Potions
 e - 5 potions of curing
 r - 2 potions of flight
 v - a potion of heal wounds
 x - a potion of invisibility {unknown}
 z - a potion of brilliance
 C - a potion of resistance {unknown}
Miscellaneous
 A - a phial of floods
   (You found it on level 1 of the Lair of Beasts)
Comestibles
 b - 20 rations


   Skills:
 + Level 9.5(8.6) Fighting
 + Level 5.9(5.1) Armour
 + Level 7.9(7.1) Dodging
 - Level 2.1(1.5) Stealth
 - Level 4.1(3.3) Shields
 + Level 9.5(8.6) Unarmed Combat
 - Level 8.3(7.5) Invocations


You had 10 spell levels left.
You didn't know any spells.

Dungeon Overview and Level Annotations

Branches:
Dungeon (11/15)            Temple (0/1) D:7            Lair (2/6) D:11
 Spider (0/4) Lair:2
  Swamp: Lair:2-4    Shoals: Lair:2-4       Orc: D:9-12

Altars:
Dithmenos
Fedhas
Hepliaklqana
Makhleb
The Shining One

Shops:
D:5 *   D:6 !   D:10 }


Innate Abilities, Weirdness & Mutations

Your body is rotting away.
You thrive on raw meat.
You are immune to poison.
You have sharp fingernails.
You are carnivorous and can eat meat at any time.
Your flesh is cold resistant. (rC+)
You are immune to negative energy. (rN+++)
You do not regenerate when monsters are visible.
You are immune to unholy pain and torment.
You can survive without breathing.


Message History

You scratch the blink frog. The blink frog hits you.
* * * LOW HITPOINT WARNING * * *
The blink frog misses you.
You take 4 damage, and have 23/97 hp.
You claw the blink frog! The blink frog hits you!
* * * LOW HITPOINT WARNING * * *
You take 9 damage, and have 14/97 hp.
You miss the blink frog. The blink frog hits you!
* * * LOW HITPOINT WARNING * * *
The blink frog blinks!
You take 8 damage, and have 6/97 hp.
Okay, then.
Unknown command.
Unknown command.
The blink frog blinks!
A mysterious force pulls you upwards. The hatch slams shut behind you.
You start resting.
You feel your flesh rotting away.
You regained 8 hp, and now have 15/96 hp.
You start resting.
You feel your flesh rotting away.
You regained 21 hp, and now have 36/95 hp.
You start resting.
Health restored: 95 Unknown command.
Unknown command.
There is a stone staircase leading down here.
You climb downwards.
The blink frog gives a loud, deep croak!
The blink frog blinks!
There is a stone staircase leading up here.
A blink frog is nearby!
You completely miss the blink frog. The blink frog barely misses you.
You claw the blink frog!
The blink frog blinks!
The eight-headed hydra roars!
The blink frog blinks!
The blink frog hits you! You block the blink frog's attack.
You take 10 damage, and have 85/95 hp.
You miss the blink frog. The blink frog hits you!
The blink frog blinks!
You take 8 damage, and have 77/95 hp.
You barely miss the eight-headed hydra. The eight-headed hydra bites you!
The eight-headed hydra closely misses you.
You block the eight-headed hydra's attack.
The eight-headed hydra bites you but does no damage.
The eight-headed hydra bites you.
You block the eight-headed hydra's attack. x2
The eight-headed hydra closely misses you.
You take 14 damage, and have 63/95 hp.
You scratch the blink frog but do no damage.
The blink frog blinks!
You block the eight-headed hydra's attack.
The eight-headed hydra bites you. The eight-headed hydra bites you!
The eight-headed hydra bites you but does no damage. x2
The eight-headed hydra barely misses you.
The eight-headed hydra closely misses you.
The eight-headed hydra bites you but does no damage.
You are too injured to fight recklessly!
You take 10 damage, and have 53/95 hp.
You are too injured to fight recklessly!
You are too injured to fight recklessly!
You are too injured to fight recklessly!
You are too injured to fight recklessly!
You are too injured to fight recklessly!
You are too injured to fight recklessly!
You feel very mighty all of a sudden.
You block the eight-headed hydra's attack.
The eight-headed hydra bites you but does no damage.
The eight-headed hydra bites you!
The eight-headed hydra bites you but does no damage.
The eight-headed hydra misses you.
The eight-headed hydra bites you but does no damage. x3
You take 7 damage, and have 46/95 hp.
You barely miss the eight-headed hydra.
The eight-headed hydra bites you but does no damage. x4
You block the eight-headed hydra's attack. x2
The eight-headed hydra misses you.
The eight-headed hydra closely misses you.
You mangle the eight-headed hydra!!
The eight-headed hydra completely misses you.
The eight-headed hydra bites you but does no damage.
You block the eight-headed hydra's attack.
The eight-headed hydra bites you.
You block the eight-headed hydra's attack.
The eight-headed hydra bites you but does no damage.
The eight-headed hydra bites you.
The eight-headed hydra bites you but does no damage.
You take 11 damage, and have 35/95 hp.
You claw the eight-headed hydra! The blink frog misses you.
The eight-headed hydra bites you!
* * * LOW HITPOINT WARNING * * *
The eight-headed hydra bites you.
* * * LOW HITPOINT WARNING * * *
The eight-headed hydra bites you.
* * * LOW HITPOINT WARNING * * *
The eight-headed hydra bites you but does no damage.
The eight-headed hydra bites you.
* * * LOW HITPOINT WARNING * * *
The eight-headed hydra closely misses you.
The eight-headed hydra bites you!
You die...

♣.♣♣♣
♣........##.........#
♣♣ ♣
♣#..##P............#.
.♣...##....#>......###
♣P♣..#..............#.
♣.♣...........<.......
♣♣P..#.....#..........
♣P♣.###....#...P.P....
♣(♣.#P...............
♣...@D.......>.......
♣.♣[..F........†......
♣.♣..................
♣ ♣...........F......
♣..<...b...........
♣♣.#.........P...#.
♣.................
♣.................
♣♣......... ...#.


You could see an eight-headed hydra and a blink frog.

Vanquished Creatures
  A hydra (Lair:1)
  Nergalle (D:10)
  The ghost of Amnesiac the Slinger, a novice SpFi of Okawaru (D:9)
  Pikel (D:9)
  Maurice (D:9)
  A spiny frog (Lair:2)
  A blink frog (Lair:2)
  3 redbacks
  A hippogriff (Lair:1)
  2 wyverns
  A wraith (D:11)
  The ghost of p0werm0de the Skirmisher, an amateur DsWn (D:3)
  A hungry ghost (D:10)
  2 hell hounds (D:11)
  3 water moccasins
  A porcupine (Lair:1)
  3 black bears
  A necrophage (D:11)
  A sky beast (D:11)
  5 ice beasts
  3 ogres
  A crocodile (Lair:2)
  5 centaurs
  2 big kobolds
  9 bullfrogs
  5 scorpions
  4 wights (D:7)
  2 crimson imps
  A howler monkey (D:5)
  A bullfrog zombie (D:7)
  2 hounds
  8 orc priests
  Crazy Yiuf (D:5)
  A bullfrog skeleton (D:10)
  Terence (D:2)
  6 worker ants
  8 iguanas
  11 orc wizards
  4 gnolls (D:8)
  11 adders
  4 shadow imps
  An ooze (D:3)
  An adder zombie (D:5)
  A worm (D:4)
  A dart slug (D:2)
  9 leopard geckos
  33 orcs
  7 giant cockroaches
  3 goblins
  2 hobgoblins (D:1)
  4 jackals (D:3)
  15 kobolds
  2 quokkas
  2 ball pythons
  11 bats
  6 frilled lizards
  2 quokka skeletons
  A quokka zombie (D:6)
  8 rats
231 creatures vanquished.

Vanquished Creatures (collateral kills)
  A jumping spider (Lair:2)
  Prince Ribbit (D:5)
  2 blink frogs (Lair:2)
  Sigmund (D:5)
  A redback (Lair:2)
  An orc warrior (D:8)
  A phantom (D:8)
  3 killer bees (D:7)
  An orc wizard (D:8)
  2 orcs (D:8)
  A giant cockroach (D:5)
  A butterfly (Lair:2)
16 creatures vanquished.

Vanquished Creatures (others)
  A slave (D:9)
  A quasit (D:9)
  2 plants (Lair:2)
4 creatures vanquished.

Grand Total: 251 creatures vanquished

Notes
Turn   | Place    | Note
-------+----------+-------------------------------------------
     0 | D:1      | mhoghedin the Ghoul Monk began the quest for the Orb.
     0 | D:1      | Reached XP level 1. HP: 19/19 MP: 0/0
     3 | D:1      | Noticed an electric eel
     3 | D:1      | Noticed an electric eel
    57 | D:1      | Reached XP level 2. HP: 8/26 MP: 1/1
   610 | D:1      | Reached skill level 3 in Dodging
   900 | D:2      | Reached XP level 3. HP: 28/33 MP: 2/2
   910 | D:2      | Found a burning altar of Makhleb.
   922 | D:2      | Noticed a cacodemon
   951 | D:2      | Noticed Terence
   965 | D:2      | HP: 7/33 [Terence/trident (5)]
   967 | D:2      | HP: 3/33 [Terence/trident (4)]
   969 | D:2      | Killed Terence
   969 | D:2      | Reached skill level 4 in Unarmed Combat
  1289 | D:2      | Noticed a ynoxinul
  1289 | D:2      | Noticed a neqoxec
  1291 | D:2      | Became a worshipper of Makhleb the Destroyer
  1291 | D:2      | Reached * piety under Makhleb
  1291 | D:2      | Reached ** piety under Makhleb
  1346 | D:2      | Reached skill level 4 in Fighting
  1425 | D:2      | Reached XP level 4. HP: 40/40 MP: 3/3
  1742 | D:2      | Reached skill level 1 in Invocations
  2010 | D:3      | Reached XP level 5. HP: 47/47 MP: 4/4
  2022 | D:3      | HP: 11/47 [adder (1)]
  2030 | D:3      | HP: 8/47 [bullfrog (3)]
  2030 | D:3      | HP: 2/47 [bullfrog (6)]
  2045 | D:3      | Reached skill level 2 in Invocations
  2048 | D:3      | Reached XP level 6. HP: 30/53 MP: 6/6
  2441 | D:3      | Noticed p0werm0de's ghost (amateur DsWn)
  2489 | D:3      | Killed p0werm0de's ghost
  2489 | D:3      | Reached skill level 5 in Fighting
  2489 | D:3      | Reached skill level 4 in Dodging
  2489 | D:3      | Reached skill level 5 in Unarmed Combat
  2757 | D:3      | Reached skill level 3 in Invocations
  2766 | D:3      | Reached XP level 7. HP: 54/60 MP: 8/8
  3045 | D:4      | Found a shadowy altar of Dithmenos.
  3279 | D:4      | Reached *** piety under Makhleb
  3654 | D:5      | Entered Level 5 of the Dungeon
  3654 | D:5      | Noticed Prince Ribbit
  3664 | D:5      | Killed Prince Ribbit
  3727 | D:5      | Noticed Sigmund
  3733 | D:5      | Killed Sigmund
  3733 | D:5      | Reached skill level 4 in Invocations
  3733 | D:5      | Reached XP level 8. HP: 52/70 MP: 8/10
  3740 | D:5      | Reached skill level 6 in Fighting
  3775 | D:5      | Found a runed door.
  3818 | D:5      | Reached skill level 5 in Dodging
  3818 | D:5      | Reached skill level 6 in Unarmed Combat
  4188 | D:5      | Found Sadogull's General Store.
  4252 | D:5      | Noticed Crazy Yiuf
  4253 | D:5      | Killed Crazy Yiuf
  4405 | D:6      | Found Feheg's Distillery.
  4443 | D:6      | Reached skill level 1 in Armour
  4982 | D:6      | Reached skill level 5 in Invocations
  5032 | D:6      | Reached skill level 1 in Shields
  5232 | D:6      | Found a glowing golden altar of the Shining One.
  5316 | D:7      | Reached skill level 2 in Armour
  5318 | D:7      | Reached XP level 9. HP: 78/78 MP: 11/11
  5349 | D:7      | Reached **** piety under Makhleb
  5373 | D:7      | Reached skill level 7 in Fighting
  5373 | D:7      | Reached skill level 7 in Unarmed Combat
  5498 | D:7      | Reached skill level 2 in Shields
  5616 | D:7      | Reached skill level 6 in Dodging
  5719 | D:7      | Found a hazy altar of Hepliaklqana.
  5790 | D:7      | Found a staircase to the Ecumenical Temple.
  5813 | D:7      | Reached skill level 3 in Armour
  6224 | D:7      | HP: 19/78 [killer bee (4)]
  6500 | D:8      | Reached skill level 6 in Invocations
  6636 | D:8      | Reached skill level 3 in Shields
  6930 | D:8      | Reached XP level 10. HP: 83/88 MP: 13/13
  7568 | D:9      | Reached skill level 8 in Unarmed Combat
  7659 | D:9      | Reached skill level 8 in Fighting
  7730 | D:9      | Noticed Amnesiac's ghost (novice SpFi)
  7738 | D:9      | Killed Amnesiac's ghost
  7738 | D:9      | Reached skill level 4 in Armour
  7762 | D:9      | Found a blossoming altar of Fedhas.
  7778 | D:9      | Noticed Maurice
  7778 | D:9      | Noticed Pikel
  7795 | D:9      | Killed Pikel
  7872 | D:9      | Killed Maurice
  7872 | D:9      | Reached skill level 7 in Dodging
  7872 | D:9      | Reached skill level 4 in Shields
  7872 | D:9      | Reached skill level 7 in Invocations
  7974 | D:10     | Entered Level 10 of the Dungeon
  8601 | D:10     | Reached ***** piety under Makhleb
  8654 | D:10     | Found Cusish's Gadget Emporium.
  8769 | D:10     | Noticed Nergalle
  8784 | D:10     | Killed Nergalle
  8784 | D:10     | Reached skill level 5 in Armour
  8784 | D:10     | Reached XP level 11. HP: 63/94 MP: 15/15
  9274 | D:11     | Reached skill level 9 in Unarmed Combat
  9321 | D:11     | Reached skill level 9 in Fighting
  9358 | D:11     | Found a staircase to the Lair.
  9392 | Lair:1   | Entered Level 1 of the Lair of Beasts
  9427 | Lair:1   | Noticed a seven-headed hydra
  9438 | Lair:1   | HP: 24/96 [hippogriff (3)]
  9439 | Lair:1   | Killed a seven-headed hydra
  9898 | Lair:1   | Reached skill level 8 in Invocations
 10208 | Lair:2   | Found a hole to the Spider Nest.
 10331 | Lair:2   | Noticed an eight-headed hydra
 10711 | Lair:2   | HP: 23/97 [blink frog (4)]
 10713 | Lair:2   | HP: 6/97 [blink frog (8)]
 11087 | Lair:2   | HP: 19/95 [eight-headed hydra (5)]
 11087 | Lair:2   | Slain by an eight-headed hydra

Vault maps used:
D:1:      arrival_aquarium_b
D:2:      makhleb_altar_promises_db, serial_glass, glass_columns_c,
          glass_columns_b, minmay_misc_feat_rows, minmay_pentomino_p2,
          uniq_terence
D:3:      minmay_misc_feat_pillars
D:4:      grunt_dithmenos_smoke_and_mirrors, serial_park_tiny_1
D:5:      wad_lake_hut, first_ration, serial_shops, nicolae_shop_trees,
          uniq_prince_ribbit1, uniq_sigmund, uniq_crazy_yiuf_cottage
D:6:      nicolae_tso_swordbearing_angel, serial_shops, nicolae_shop_waterfront,
          grunt_decor_resistance
D:7:      temple_statues, basic_altar
D:9:      kennysheep_little_box, uniq_maurice, uniq_pikel
D:10:     serial_shops, shop, uniq_nergalle
D:11:     kb_forest_paths, minmay_lair_entry_lava,
          hangedman_little_slice_of_home
Lair:1:   serial_bayou_crossing
Lair:2:   wad_woods_structure_01, nicolae_spider_entry_tight_spaces,
          lemuel_fruit_fields

Skill      XL: |  1  2  3  4  5  6  7  8  9 10 11 |
---------------+----------------------------------+-----
Dodging        | 3 4 5 6 7 |  7.9
Unarmed Combat | 4 5 6 7 8 9 |  9.5
Fighting       | 4 5 6 7 8 9 |  9.5
Invocations    | 1 2 3 4 5 6 7 8 |  8.3
Armour         | 2 3 5 |  5.9
Shields        | 1 3 4 |  4.1
Stealth        | |  2.1

Action                   |  1- 3 |  4- 6 |  7- 9 | 10-12 || total
-------------------------+-------+-------+-------+-------++-------
Melee: Unarmed           |    85 |   148 |   422 |   391 ||  1046
       Punch             |     3 |     1 |     7 |       ||    11
Invok: Minor Destruction |       |    13 |    20 |    15 ||    48
       Lesser Servant of |       |       |     4 |     2 ||     6
       Major Destruction |       |       |     1 |     4 ||     5
Evoke: Wand              |       |       |     4 |    17 ||    21
  Use: Potion            |     5 |     2 |     1 |     1 ||     9
       Scroll            |       |     4 |     1 |    11 ||    16
 Stab: Sleeping          |     3 |     3 |       |       ||     6
       Distracted        |       |       |     1 |       ||     1
  Eat: Ration            |     1 |       |       |       ||     1
       Chunk             |       |     3 |    23 |    24 ||    50
Armor: Robe              |    12 |     6 |       |       ||    18
       Scale mail        |     8 |    58 |   189 |   183 ||   438
Dodge: Dodged            |    49 |   105 |   236 |   207 ||   597
Block: Buckler           |       |       |    36 |    88 ||   124

Table legend:
 A = Spawn XP
 B = Non-spawn XP
 C = Spawn XP percentage of total XP
 D = Spawn monster count
 E = Non-spawn monster count
 F = Spawn count percentage of total count
 G = Total turns spent on level
                    A         B        C        D         E        F      G
               +---------+---------+-------+---------+---------+-------+---------
         Total |       0 |   14264 |   0.0 |       0 |     246 |   0.0 | 11087
               +---------+---------+-------+---------+---------+-------+---------
           D:1 |       0 |      26 |   0.0 |       0 |      14 |   0.0 |   873
           D:2 |       0 |     113 |   0.0 |       0 |      26 |   0.0 |  1086
           D:3 |       0 |     487 |   0.0 |       0 |      30 |   0.0 |  1086
           D:4 |       0 |     195 |   0.0 |       0 |      22 |   0.0 |   609
           D:5 |       0 |     675 |   0.0 |       0 |      12 |   0.0 |   636
           D:6 |       0 |     663 |   0.0 |       0 |      13 |   0.0 |  1009
           D:7 |       0 |    1687 |   0.0 |       0 |      33 |   0.0 |  1125
           D:8 |       0 |    1180 |   0.0 |       0 |      32 |   0.0 |  1048
           D:9 |       0 |    2407 |   0.0 |       0 |      17 |   0.0 |   502
          D:10 |       0 |    2053 |   0.0 |       0 |      17 |   0.0 |  1080
          D:11 |       0 |    1179 |   0.0 |       0 |      16 |   0.0 |   338
        Lair:1 |       0 |    1663 |   0.0 |       0 |       5 |   0.0 |  1455
        Lair:2 |       0 |    1936 |   0.0 |       0 |       9 |   0.0 |   240
               +---------+---------+-------+---------+---------+-------+---------

Vault maps used:
D:1:      arrival_aquarium_b
D:2:      makhleb_altar_promises_db, serial_glass, glass_columns_c,
          glass_columns_b, minmay_misc_feat_rows, minmay_pentomino_p2,
          uniq_terence
D:3:      minmay_misc_feat_pillars
D:4:      grunt_dithmenos_smoke_and_mirrors, serial_park_tiny_1
D:5:      wad_lake_hut, first_ration, serial_shops, nicolae_shop_trees,
          uniq_prince_ribbit1, uniq_sigmund, uniq_crazy_yiuf_cottage
D:6:      nicolae_tso_swordbearing_angel, serial_shops, nicolae_shop_waterfront,
          grunt_decor_resistance
D:7:      temple_statues, basic_altar
D:9:      kennysheep_little_box, uniq_maurice, uniq_pikel
D:10:     serial_shops, shop, uniq_nergalle
D:11:     kb_forest_paths, minmay_lair_entry_lava,
          hangedman_little_slice_of_home
Lair:1:   serial_bayou_crossing
Lair:2:   wad_woods_structure_01, nicolae_spider_entry_tight_spaces,
          lemuel_fruit_fields

Table legend:
 A = Turns spent in this place as a percentage of turns spent in the entire game.
 B = Non-inter-level travel turns spent in this place as a percentage of non-inter-level travel turns spent in the entire game.
 C = Inter-level travel turns spent in this place as a percentage of turns spent in this place.
 D = Turns resting spent in this place as a percentage of non-inter-level travel turns spent in this place.
 E = Turns spent auto-exploring this place as a percentage of non-inter-level travel turns spent in this place.
 F = Non-inter-level travel turns spent in this place divided by the number of levels of this place that you've seen.
                   A       B       C       D       E      F
               +-------+-------+-------+-------+-------+----------------------
         Total | 100.0 | 100.0 |   4.0 |  15.0 |  63.7 | 818.5
       Dungeon |  84.7 |  84.9 |   3.8 |  11.8 |  65.6 | 821.5
          Lair |  15.3 |  15.1 |   5.4 |  33.0 |  52.8 | 802.0
               +-------+-------+-------+-------+-------+----------------------

Table legend:
 A = Kills in this place as a percentage of kills in entire the game.
 B = Kills by you in this place as a percentage of kills by you in the entire game.
 C = Kills by friends in this place as a percentage of kills by friends in the entire game.
 D = Other kills in this place as a percentage of other kills in the entire game.
 E = Experience gained in this place as a percentage of experience gained in the entire game.
 F = Experience gained in this place divided by the number of levels of this place that you have seen.
                   A       B       C       D       E      F
               +-------+-------+-------+-------+-------+----------------------
         Total | 100.0 | 100.0 | 100.0 |   N/A | 100.0 | 1097.2
       Dungeon |  94.3 |  95.7 |  73.3 |   N/A |  74.8 | 969.5
          Lair |   5.7 |   4.3 |  26.7 |   N/A |  25.2 | 1799.5
               +-------+-------+-------+-------+-------+----------------------
